 Dungeon Crawl Stone Soup version 0.31.0-12-g77e489cdc1 (webtiles) character file.

Game seed: 14685964471247394640

1591 Ruich the Changeling (level 8, -1/48 HPs)
             Began as an Octopode Shapeshifter on Feb 28, 2024.
             Was a Believer of Makhleb.
             Killed from afar by an orc wizard (6 damage)
             ... with a magic dart
             ... on level 7 of the Dungeon.
             The game lasted 00:12:16 (7397 turns).

Ruich the Changeling (Octopode Shapeshifter)        Turns: 7397, Time: 00:12:17

Health: -1/48      AC:  1    Str: 15    XL:     8   Next: 93%
Magic:  0/8        EV: 14    Int: 12    God:    Makhleb [**....]
Gold:   409        SH:  0    Dex: 12    Spells: 5/7 levels left

rFire   . .          .
                       - Unarmed
rCold   . . .        (no shield)
rNeg    . . .        (helmet currently unavailable)
rPois   .            n - amulet of guardian spirit
rElec   .            (no ring)
rCorr   .            (no ring)
SInv    .            (no ring)
Will    .....        (no ring)
Stlth   ++           (no ring)
HPRegen 0.28/turn    (no ring)
MPRegen 0.11/turn    (no ring)
                     (no ring)

%: guardian spirit
@: confused, lethally poisoned (-1 -> -5), beast-form, weakened, hasted, very
quick
A: beast (slay +3), almost no armour, amphibious, 8 rings, camouflage 1,
gelatinous body 1, (nimble swimmer 1), tentacles
a: Begin Untransformation, Renounce Religion, Minor Destruction


You were on level 7 of the Dungeon.
You worshipped Makhleb.
Makhleb was pleased with you.
You were a hulking beast.
You visited 1 branch of the dungeon, and saw 7 of its levels.

You collected 449 gold pieces.
You spent 40 gold pieces at shops.


Innate Abilities, Weirdness & Mutations

You are a hulking beast.
Your limbs bulge with bestial killing power. (Slay +3)
You cannot wear most types of armour.
You are amphibious.
You can wear up to eight rings at the same time.
Your skin changes colour to match your surroundings (Stealth+).
Your rubbery body absorbs attacks. (AC +1, EV +1)
((You are camouflaged when in or above water. (Stealth+)))
You have tentacles for arms and can constrict up to eight enemies at once.


   Skills:
 - Level 1.0 Fighting
 + Level 5.4 Dodging
 - Level 5.0 Stealth
 + Level 6.6 Unarmed Combat
 * Level 6.8 Shapeshifting


You had 5 spell levels left.
You knew the following spells:

 Your Spells              Type           Power      Damage    Failure   Level
B - Blink                 Tloc           0%         N/A       45%         2

Your spell library contained the following spells:

 Spells                   Type           Power      Damage    Failure   Level
 Apportation              Tloc           0%         N/A       32%         1
 Necrotise                Necr           0%         1d4       32%         1
 Sting                    Conj/Alch      0%         1d3       32%         1
 Summon Small Mammal      Summ           0%         N/A       32%         1
 Call Imp                 Summ           0%         N/A       45%         2
 Ensorcelled Hibernation  Hex/Ice        0%         N/A       45%         2
 Lesser Beckoning         Tloc           0%         N/A       45%         2
 Momentum Strike          Conj/Tloc      0%         3d8       45%         2
 Sublimation of Blood     Necr           0%         N/A       45%         2
 Gell's Gravitas          Tloc           0%         N/A       69%         3
 Passwall                 Erth           0%         N/A       69%         3
 Swiftness                Air            0%         N/A       69%         3
 Teleport Other           Tloc           0%         N/A       69%         3
 Summon Hydra             Summ           0%         N/A       100%        7

Inventory:

Jewellery
 n - an amulet of guardian spirit (around mantle)
Talismans
 b - a beast talisman
 c - a flux talisman
 p - a serpent talisman
Wands
 j - a wand of charming (2)
Scrolls
 d - a scroll of enchant armour
 h - a scroll of vulnerability
 k - a scroll of identify {@r1}
 o - 2 scrolls of teleportation {@r2}
Potions
 a - 2 potions of lignification
 e - a potion of curing {@q1}
 f - a potion of magic
 g - a potion of brilliance
 i - a potion of haste {@q3}
 l - a potion of invisibility
 m - 3 potions of might

Dungeon Overview and Level Annotations

Branches:
Dungeon (7/15)             Temple (0/1) D:5

Altars:
Ashenzari
Elyvilon
Kikubaaqudgha
Makhleb
Qazlal

Shops:
D:4

* #.>#...... #...##
#......# +....#..
#......# #....#..
#.<....# #....o.
#......+ #....#
#..##### #...#
###..##########...#
+.......'.....g...#...
#.......#..).)h...o...
######.######).##'#of5#
#.######..## # ...
#..........# ..
#..........# .
#..........#
#..........'
#..........#.
#..###.#####


You could see a sleepcap, a gnoll bouda, an orc wizard, a white imp and 2 orcs.


Message History

The orc is almost dead.
You feel sick.
Unknown command.
You barely miss the orc. You grab the orc. You squeeze the orc.
You kill the orc!
Makhleb accepts your kill.
You feel sick.
* * * LOW HITPOINT WARNING * * *
An orc comes into view. It is wielding a +0 dagger.
The orc wizard casts a spell at you.
You are confused.
Something unseen opens the door.
Unknown command.
You bump into the rock wall.
You feel sick. The orc wizard casts a spell at you.
* * * LOW HITPOINT WARNING * * *
A sleepcap comes into view.
The gnoll bouda barely misses you.
An orc comes into view. It is wielding a +0 hand axe.
Unknown command.
You bump into the rock wall.
You feel sick.
Unknown command.
You feel sick.
The orc shouts!
You hear a shout!
The gnoll bouda gazes fiercely through you!
You feel as though you will be weak longer.
* * * LOW HITPOINT WARNING * * *
A white imp comes into view.
The orc wizard points at you and mumbles some strange words.
You die...

Skill      XL: |  1  2  3  4  5  6  7  8 |
---------------+-------------------------+-----
Stealth        | 1 2 3 4 5 |  5.0
Unarmed Combat | 4 5 6 |  6.6
Dodging        | 3 4 5 |  5.4
Shapeshifting  | 4 5 6 |  6.8
Fighting       | |  1.0

Action                     |  1- 3 |  4- 6 |  7- 9 || total
---------------------------+-------+-------+-------++-------
  Melee: Unarmed           |    52 |    68 |   116 ||   236
         Constrict         |    12 |    21 |    24 ||    57
         Tentacles         |     8 |    20 |    26 ||    54
         Punch             |     1 |     1 |     8 ||    10
    Use: Scroll            |       |     8 |     7 ||    15
         Potion            |       |       |     4 ||     4
   Stab: Sleeping          |    10 |     7 |     3 ||    20
         Distracted        |       |       |     1 ||     1
 Armour: Skin              |    10 |    21 |    60 ||    91
  Dodge: Dodged            |    30 |    33 |    77 ||   140

Levels and vault maps discovered:
D:1:      lightli_arrival_windingriver, layout_basic, minmay_shallow_snake_nest
D:2:      layout_rooms, basic_altar, serial_bayou_lake_a, uniq_natasha
D:3:      layout_loops_ring, hellmonk_ecumenical_altar_zigzags
D:4:      layout_loops_cross, serial_shops, shop, serial_glass, glass_columns_b,
          glass_columns_a, glass_columns_c, glass_columns_b, glass_columns_c,
          uniq_crazy_yiuf_cottage
D:5:      minmay_evil_eye, layout_basic, minmay_temple_entry_gardened_gates
D:6:      layout_basic, mainiacjoe_overflow_24_doors,
          mainiacjoe_overflow_alcove_2, amcnicky_altar_gilded,
          general_overflow_altar, lemuel_flamethrower_1
D:7:      cheibrodos_fzero, layout_gridville, gammafunk_ghost_hive,
          minmay_manual_mess

Notes
Turn   | Place    | Note
-------+----------+-------------------------------------------
     0 | D:1      | Ruich the Octopode Shapeshifter began the quest for the
                  | Orb.
     0 | D:1      | Reached XP level 1. HP: 13/13 MP: 1/1
    73 | D:1      | Reached XP level 2. HP: 15/18 MP: 2/2
   126 | D:1      | Reached skill level 1 in Stealth
   652 | D:1      | Reached XP level 3. HP: 23/23 MP: 3/3
   763 | D:2      | Found a burning altar of Makhleb.
   771 | D:2      | Became a worshipper of Makhleb the Destroyer
   842 | D:2      | Noticed Natasha
  1436 | D:2      | Killed Natasha
  1437 | D:2      | Reached skill level 2 in Stealth
  1437 | D:2      | Reached XP level 4. HP: 28/28 MP: 4/4
  1454 | D:2      | Noticed Natasha
  1460 | D:2      | Killed Natasha
  1461 | D:2      | Reached skill level 4 in Unarmed Combat
  1860 | D:2      | Noticed Natasha
  1865 | D:2      | Killed Natasha
  1866 | D:2      | Reached XP level 5. HP: 24/33 MP: 5/5
  2551 | D:2      | Found a burning altar of Makhleb.
  3388 | D:3      | Found a faded altar of an unknown god.
  3415 | D:3      | Reached skill level 3 in Dodging
  3415 | D:3      | Reached skill level 3 in Stealth
  3692 | D:3      | Identified the +2 dagger "Worm" {freeze, Dex+4}
  4115 | D:4      | Reached XP level 6. HP: 35/38 MP: 6/6
  4313 | D:4      | Found Ifib's General Store.
  4323 | D:4      | Bought a scroll of identify for 20 gold pieces
  4323 | D:4      | Bought a scroll of identify for 20 gold pieces
  4519 | D:4      | Found a runed translucent door.
  4520 | D:4      | Noticed Crazy Yiuf
  4707 | D:4      | Killed Crazy Yiuf
  4708 | D:4      | Reached skill level 4 in Shapeshifting
  4766 | D:5      | Entered Level 5 of the Dungeon
  4770 | D:5      | Reached * piety under Makhleb
  4771 | D:5      | Reached skill level 4 in Stealth
  4771 | D:5      | Reached skill level 5 in Unarmed Combat
  4948 | D:5      | Found a staircase to the Ecumenical Temple.
  4959 | D:5      | Reached XP level 7. HP: 26/43 MP: 4/7
  5517 | D:5      | Reached skill level 4 in Dodging
  6041 | D:5      | Reached skill level 5 in Shapeshifting
  6128 | D:5      | Reached skill level 5 in Stealth
  6177 | D:5      | Reached XP level 8. HP: 48/48 MP: 8/8
  6242 | D:5      | Learned a level 2 spell: Blink
  6248 | D:5      | Identified a scarf of resistance
  6564 | D:6      | Found a stormy altar of Qazlal.
  6636 | D:6      | Reached skill level 6 in Unarmed Combat
  6693 | D:6      | Found an ancient bone altar of Kikubaaqudgha.
  6722 | D:6      | Reached ** piety under Makhleb
  6723 | D:6      | Reached skill level 6 in Shapeshifting
  6884 | D:6      | Reached skill level 5 in Dodging
  7040 | D:6      | Found a broken altar of Ashenzari.
  7101 | D:6      | Found a white marble altar of Elyvilon.
  7244 | D:7      | HP: 7/72 [bullfrog (2)]
  7397 | D:7      | Killed from afar by an orc wizard

Vanquished Creatures
  A sky beast (D:6)
  5 ogres
  A phantom (D:7)
  3 bullfrogs
  2 scorpions (D:6)
  A howler monkey (D:7)
  2 bombardier beetles
  A jelly (D:3)
  Crazy Yiuf (D:4)
  2 hounds
  4 orc priests (D:5)
  A sleepcap (D:4)
  Natasha (thrice) (D:2)
  4 orc wizards
  A gnoll (D:5)
  6 adders
  4 ufetubi (D:6)
  A dart slug (D:3)
  18 orcs
  2 endoplasms
  3 giant cockroaches
  7 goblins
  5 hobgoblins
  3 kobolds
  3 quokkas
  8 ball pythons
  4 bats
  3 frilled lizards
  3 rats
102 creatures vanquished.

Table legend: (Time is in decaauts)
 A = Elapsed time spent in this place.
 B = Non-inter-level travel time spent in this place.
 C = Inter-level travel time spent in this place.
 D = Time resting spent in this place.
 E = Time spent auto-exploring this place.
 F = Levels seen in this place.
 G = Mean time per level.
                   A        B        C        D        E       F      G
               +--------+--------+--------+--------+--------+-----+--------+
         Total |   7381 |   7175 |    206 |   2751 |   3327 |   7 | 1054.4 |
       Dungeon |   7381 |   7175 |    206 |   2751 |   3327 |   7 | 1054.4 |
               +--------+--------+--------+--------+--------+-----+--------+

Top non-repeatable levels by time:
     D:2: 2023 daAuts
     D:4: 1320 daAuts
     D:5: 1241 daAuts
     D:3: 1185 daAuts
     D:1: 749 daAuts
     D:6: 684 daAuts
     D:7: 176 daAuts

Table legend:
 A = Non-vault XP
 B = Vault XP
 C = Vault XP percentage of total XP
 D = Non-vault monster count
 E = Vault monster count
 F = Vault count percentage of total count
                 A         B        C        D         E       F
            +---------+---------+-------+---------+---------+-------
      Total |    1971 |     303 |  13.3 |      92 |      10 |   9.8
            +---------+---------+-------+---------+---------+-------
        D:1 |      32 |       5 |  13.5 |      19 |       4 |  17.4
        D:2 |      93 |      37 |  28.5 |       8 |       1 |  11.1
        D:3 |      90 |       0 |   0.0 |      18 |       0 |   0.0
        D:4 |     200 |      42 |  17.4 |      11 |       1 |   8.3
        D:5 |     518 |     219 |  29.7 |      16 |       4 |  20.0
        D:6 |     650 |       0 |   0.0 |      12 |       0 |   0.0
        D:7 |     388 |       0 |   0.0 |       8 |       0 |   0.0
            +---------+---------+-------+---------+---------+-------
